 Dungeon Crawl Stone Soup version 0.23.2 (webtiles) character file.

Game seed: 15415168329858075947

12 Borgoz the Sneak (level 2, 0/20 HPs)
             Began as a Ghoul Enchanter on Apr 4, 2019.
             Slain by a leopard gecko (3 damage)
             ... on level 1 of the Dungeon.
             The game lasted 00:00:52 (352 turns).

Borgoz the Sneak (Ghoul Enchanter)                   Turns: 352, Time: 00:00:53

Health: 0/20       AC:  2    Str: 11    XL:     2   Next: 33%
Magic:  3/3        EV: 12    Int: 10    God:
Gold:   24         SH:  0    Dex:  9    Spells: 3/4 levels left

rFire    . . .     SeeInvis .   a - +1 dagger
rCold    + . .     Gourm    .   (no shield)
rNeg     + + +     Faith    .   b - +0 robe
rPois    ∞         Spirit   .   (no helmet)
rElec    .         Reflect  .   (no cloak)
rCorr    .         Harm     .   (no gloves)
MR       .....                  (no boots)
Stlth    ++........             (no amulet)
HPRegen  0.00/turn              (no ring)
MPRegen  0.08/turn              (no ring)

@: rotting
A: rotting body, claws 1, carnivore, cold resistance 1, negative energy
resistance 3, inhibited regeneration, torment resistance, unbreathing
a: no special abilities


You were on level 1 of the Dungeon.
You were not hungry.

You visited 1 branch of the dungeon, and saw 1 of its levels.

You collected 24 gold pieces.

Inventory:

Hand Weapons
 a - a +1 dagger (weapon)
Armour
 b - a +0 robe (worn)
Scrolls
 c - a scroll of fog {unknown}
Comestibles
 d - 2 rations
 f - 4 chunks of flesh


   Skills:
 + Level 0.2 Fighting
 * Level 1.1 Short Blades
 * Level 0.4 Armour
 * Level 2.0 Dodging
 + Level 3.4 Stealth
 + Level 1.9 Spellcasting
 + Level 2.4 Hexes


You had 3 spell levels left.
You knew the following spells:

 Your Spells              Type           Power        Failure   Level  Hunger
a - Corona                Hex            #......      12%         1    ##.....

Your spell library contained the following spells:

 Spells                   Type           Power        Failure   Level  Hunger
 Ensorcelled Hibernation  Hex/Ice        #.....       28%         2    ###....
 Confuse                  Hex            #.......     34%         3    ####...
 Tukima's Dance           Hex            #.......     34%         3    ####...
 Dazzling Spray           Conj/Hex       #.....       50%         3    ####...


Dungeon Overview and Level Annotations

Branches:
Dungeon (1/15)

Altars:


Innate Abilities, Weirdness & Mutations

Your body is rotting away.
You thrive on raw meat.
You are immune to poison.
You have sharp fingernails.
You are carnivorous and can eat meat at any time.
Your flesh is cold resistant. (rC+)
You are immune to negative energy. (rN+++)
You do not regenerate when monsters are visible.
You are immune to unholy pain and torment.
You can survive without breathing.


Message History

You hit the kobold but do no damage.
The kobold is heavily wounded.
The kobold hits you with a +0 club.
* * * LOW HITPOINT WARNING * * *
The bat hits you.
* * * LOW HITPOINT WARNING * * *
You barely miss the kobold.
The kobold is moderately wounded.
The bat closely misses you. The kobold hits you but does no damage.
You barely miss the kobold.
The kobold is moderately wounded.
The bat barely misses you. The kobold misses you.
You hit the kobold.
You kill the kobold!
The bat closely misses you. The bat closely misses you.
The leopard gecko bites you.
* * * LOW HITPOINT WARNING * * *
You closely miss the leopard gecko. The leopard gecko bites you.
You die...

#.##..##....#.#
#.#.....$.l...#
#......l#...# #
#.#...#)##$##.#
#.##.##.......#
#.....).†#.####
####.###†..#
#.#####.#
#bl@....#
######.## #.# #.#
######.##########
.................#
################.#
#.# #.#


You could see a leopard gecko and a bat.

Vanquished Creatures
  A dart slug (D:1)
  A leopard gecko (D:1)
  A giant cockroach (D:1)
  2 bats (D:1)
  A frilled lizard (D:1)
  2 kobolds (D:1)
  2 rats (D:1)
10 creatures vanquished.

Notes
Turn   | Place    | Note
-------+----------+-------------------------------------------
     0 | D:1      | Borgoz the Ghoul Enchanter began the quest for the Orb.
     0 | D:1      | Reached XP level 1. HP: 14/14 MP: 2/2
   248 | D:1      | Reached skill level 1 in Short Blades
   307 | D:1      | Reached XP level 2. HP: 17/20 MP: 3/3
   352 | D:1      | Slain by a leopard gecko

Skill      XL: |  1  2 |
---------------+-------+-----
Short Blades   | 1 |  1.1
Dodging        | 2 |  2.0
Fighting       | |  0.2
Armour         | |  0.4
Stealth        | |  3.4
Spellcasting   | |  1.9
Hexes          | |  2.4

Action                   || total
-------------------------++-------
Melee: Dagger            ||    53
 Stab: Sleeping          ||     3
Armor: Robe              ||     9
Dodge: Dodged            ||    42
